 Dungeon Crawl Stone Soup version 0.29.1-15-g9cfb28693d (webtiles) character file.

Game seed: 1342696099539055018

825 DemonSlayer the Digger (level 7, 0/48 HPs)
             Began as a Demonspawn Earth Elementalist on Mar 6, 2023.
             Slain by a vampire mosquito (3 damage)
             ... on level 7 of the Dungeon.
             The game lasted 00:15:22 (7546 turns).

DemonSlayer the Digger (DsEE)                       Turns: 7546, Time: 00:15:23

Health: 0/48       AC:  5    Str: 10    XL:     7   Next: 64%
Magic:  15/23      EV: 16    Int: 16    God:
Gold:   357        SH:  5    Dex: 14    Spells: 3/16 levels left

rFire   . . .      SeeInvis .   t - +4 dagger (freeze)
rCold   . . .      Faith    .   (no shield)
rNeg    . . .      Spirit   .   a - +0 robe
rPois   .          Reflect  +   b - +0 helmet
rElec   .          Harm     .   e - +0 cloak
rCorr   .          Rampage  .   (no gloves)
Will    .....                   z - +0 pair of boots
Stlth   ++........              p - amulet of reflection
HPRegen 0.16/turn               w - ring of magical power
MPRegen 0.18/turn               u - +4 ring of evasion

@: very slightly contaminated
A: claws 1
a: no special abilities


You were on level 7 of the Dungeon.
You visited 1 branch of the dungeon, and saw 7 of its levels.

You collected 357 gold pieces.

Inventory:

Hand Weapons
 t - a +4 dagger of freezing (weapon)
Missiles
 y - a throwing net
Armour
 a - a +0 robe (worn)
 b - a +0 helmet (worn)
 e - a +0 cloak (worn)
 z - a +0 pair of boots (worn)
Jewellery
 p - an amulet of reflection (around neck)
 u - a +4 ring of evasion (right claw)
 w - a ring of magical power (left claw)
 x - a ring of poison resistance
Wands
 n - a wand of charming (10) (quivered)
Scrolls
 c - 3 scrolls of magic mapping
 d - a scroll of enchant weapon
 h - 2 scrolls of immolation
Potions
 f - a potion of cancellation
 i - a potion of lignification {unknown}
 j - 3 potions of heal wounds {unknown}
 l - a potion of haste {unknown}
 m - 2 potions of curing
 r - a potion of mutation {unknown}
 s - a potion of magic


   Skills:
 + Level 1.0 Fighting
 + Level 1.1 Short Blades
 + Level 2.6 Dodging
 + Level 3.0 Stealth
 + Level 0.5 Shields
 + Level 5.2 Spellcasting
 + Level 0.8 Transmutations
 + Level 5.5 Earth Magic


You had 3 spell levels left.
You knew the following spells:

 Your Spells              Type           Power      Damage    Failure   Level
a - Sandblast             Erth           44%        2d11      1%          1
b - Passwall              Tmut/Erth      11%        N/A       6%          2
c - Stone Arrow           Conj/Erth      26%        3d8       14%         3
d - Petrify               Tmut/Erth      14%        N/A       36%         4
e - Teleport Other        Tloc           4%         N/A       41%         3

Your spell library contained the following spells:

 Spells                   Type           Power      Damage    Failure   Level
 Necrotise                Necr           16%        1d4       16%         1
 Gell's Gravitas          Tloc           4%         N/A       41%         3
 Lesser Beckoning         Tloc           4%         N/A       41%         3
 Ozocubu's Armour         Ice            4%         N/A       41%         3
 Vampiric Draining        Necr           4%         2d6       41%         3
 Agony                    Necr           4%         N/A       99%         5
 Metabolic Englaciation   Hex/Ice        2%         N/A       99%         5
 Statue Form              Tmut/Erth      9%         N/A       99%         6
 Ozocubu's Refrigeration  Ice            2%         4d7       100%        7


Dungeon Overview and Level Annotations

Branches:
Dungeon (7/15)
 Temple: D:4-7

Altars:

Annotations:
D:3 Sigmund


Innate Abilities, Weirdness & Mutations

You have sharp fingernails.


Message History

You closely miss the vampire mosquito.
The vampire mosquito is severely damaged.
The vampire mosquito barely misses you.
You hit the vampire mosquito. You freeze the vampire mosquito.
The vampire mosquito is almost destroyed.
The vampire mosquito misses you.
The vampire mosquito completely misses you.
You closely miss the vampire mosquito.
The vampire mosquito is almost destroyed.
The vampire mosquito closely misses you.
The vampire mosquito bites you.
* * * LOW HITPOINT WARNING * * *
The vampire mosquito draws strength from your injuries!
You closely miss the vampire mosquito.
The vampire mosquito is severely damaged.
The vampire mosquito bites you.
* * * LOW HITPOINT WARNING * * *
The vampire mosquito draws strength from your injuries!
The vampire mosquito bites you.
* * * LOW HITPOINT WARNING * * *
The vampire mosquito draws strength from your injuries!
Unknown command.
You closely miss the vampire mosquito.
The vampire mosquito is heavily damaged.
The vampire mosquito bites you but does no damage.
You hit the vampire mosquito. You freeze the vampire mosquito.
The vampire mosquito is severely damaged.
The vampire mosquito bites you.
* * * LOW HITPOINT WARNING * * *
The vampire mosquito draws strength from your injuries!
You block the vampire mosquito's attack.
You hit the vampire mosquito. You freeze the vampire mosquito.
The vampire mosquito is almost destroyed.
The vampire mosquito bites you but does no damage.
The vampire mosquito closely misses you.
You barely miss the vampire mosquito.
The vampire mosquito is almost destroyed.
You block the vampire mosquito's attack.
The vampire mosquito bites you.
You die...

.....##.≈.#.?..≈##
.....#..≈~....#..#######
.....#...≈~.............
.......##.≈..≈...######.
.......###...≈..........
..[....≈≈~.#≈≈##.######.
......##.≈.#≈###.#
......###≈.≈≈# #.#
.####.# #.≈≈## #@# .#
#.# ##~## #y# .# #.# #


.yY .## #.. ...## ..# ### .##.. #.# .. ... #.# .. ..# #.# ## $.. #.# #.. You
could see 2 vampire mosquitoes and an ice beast.

Vanquished Creatures
  An ogre (D:6)
  A centaur (D:6)
  A phantom (D:4)
  A kobold brigand (D:7)
  2 orc priests
  3 hounds
  Jessica (D:3)
  3 iguanas
  9 gnolls (D:5)
  9 adders
  A shadow imp (D:5)
  A white imp (D:5)
  2 ufetubi
  3 dart slugs (D:1)
  5 orcs
  9 endoplasms
  4 giant cockroaches
  5 goblins
  3 hobgoblins
  7 kobolds
  4 quokkas
  6 ball pythons
  4 bats
  3 frilled lizards
  2 rats (D:3)
90 creatures vanquished.

Vanquished Creatures (others)
  3 plants (D:2)
3 creatures vanquished.

Grand Total: 93 creatures vanquished

Notes
Turn   | Place    | Note
-------+----------+-------------------------------------------
     0 | D:1      | DemonSlayer the Demonspawn Earth Elementalist began the
                  | quest for the Orb.
     0 | D:1      | Reached XP level 1. HP: 13/13 MP: 3/3
   315 | D:1      | Gained mutation: You have sharp fingernails. [demonic
                  | ancestry]
   315 | D:1      | Reached XP level 2. HP: 19/19 MP: 3/5
  1240 | D:1      | Learned a level 2 spell: Passwall
  1293 | D:2      | Reached XP level 3. HP: 24/24 MP: 4/6
  2091 | D:2      | Found a faded altar of an unknown god.
  2132 | D:3      | Reached XP level 4. HP: 30/30 MP: 4/7
  2190 | D:3      | Noticed Sigmund
  2731 | D:3      | Noticed Jessica
  2736 | D:3      | Killed Jessica
  2821 | D:3      | You fall into a shaft and drop 2 floors!
  2821 | D:5      | Entered Level 5 of the Dungeon
  2875 | D:5      | Reached XP level 5. HP: 18/35 MP: 0/9
  3294 | D:6      | Noticed a centaur
  3315 | D:6      | Noticed a centaur
  3329 | D:6      | Noticed an ogre
  4036 | D:5      | Reached XP level 6. HP: 4/42 MP: 4/11
  4959 | D:3      | Learned a level 3 spell: Stone Arrow
  4964 | D:3      | Learned a level 4 spell: Petrify
  6331 | D:4      | Learned a level 3 spell: Teleport Other
  6405 | D:5      | Reached skill level 1 in Short Blades
  6412 | D:5      | Reached skill level 5 in Earth Magic
  6771 | D:4      | Reached XP level 7. HP: 42/47 MP: 13/13
  7150 | D:6      | Reached skill level 1 in Fighting
  7150 | D:6      | Reached skill level 5 in Spellcasting
  7528 | D:7      | Noticed a vampire mosquito
  7529 | D:7      | Noticed a vampire mosquito
  7546 | D:7      | Slain by a vampire mosquito

Illustrated notes

Levels and vault maps discovered:
D:1:      dpeg_arrival_oval, layout_basic, minmay_pentomino_s4
D:2:      layout_loops_cross, shapermc_ecumenical_altar_petra
D:3:      layout_basic, uniq_jessica, uniq_sigmund
D:4:      layout_rooms, chequers_serial_rivers_large_a
D:5:      layout_rooms
D:6:      layout_rooms, minmay_manual_macuahuitl
D:7:      layout_loops_ring, minmay_temple_entry_mini_moons, serial_rivers,
          chequers_serial_rivers_small_3, chequers_serial_rivers_large_b,
          chequers_serial_rivers_micro_e, chequers_serial_rivers_small_b

Skill      XL: |  1  2  3  4  5  6  7 |
---------------+----------------------+-----
Dodging        | 2 |  2.6
Earth Magic    | 3 4 5 |  5.5
Stealth        | 2 3 |  3.0
Spellcasting   | 3 4 5 |  5.2
Short Blades   | 1 |  1.1
Fighting       | 1 |  1.0
Shields        | |  0.5
Transmutations | |  0.8

Action                   |  1- 3 |  4- 6 |  7- 9 || total
-------------------------+-------+-------+-------++-------
Melee: Dagger            |    30 |    26 |    19 ||    75
       Punch             |     1 |       |       ||     1
Throw: Throwing net      |       |       |     1 ||     1
 Cast: Sandblast         |    43 |   132 |    31 ||   206
       Stone Arrow       |       |       |     1 ||     1
  Use: Potion            |     1 |     2 |     1 ||     4
       Scroll            |     9 |    11 |     2 ||    22
 Stab: Sleeping          |     6 |     2 |       ||     8
Armor: Robe              |    10 |    13 |    12 ||    35
Dodge: Dodged            |    23 |    98 |    52 ||   173
Block: Other             |       |    40 |    21 ||    61
       Reflection        |       |     2 |       ||     2
